 Dungeon Crawl Stone Soup version 0.17-a0-157-g289cc6a (webtiles) character file.

87 Ngotmuk the Covered (level 4, -8/40 HPs)
             Began as a Deep Dwarf Fighter on Mar 26, 2015.
             Mangled by a gnoll
             ... wielding a +0 halberd
              (10 damage)
             ... on level 3 of the Dungeon.
             The game lasted 00:05:17 (1466 turns).

Ngotmuk the Covered (Deep Dwarf Fighter)            Turns: 1466, Time: 00:05:18

Health: -8/40      AC:  7    Str: 20    XL:     4   Next: 28%
Magic:  0/4        EV:  7    Int:  9    God:
Gold:   65         SH: 12    Dex: 12    Spells: 0 memorised, 3 levels left

rFire  . . .     SeeInvis .     a - +0 flail
rCold  . . .     Clarity  .     b - +0 scale mail
rNeg   . . .     SustAb   .     p - +3 shield
rPois  .         Gourm    .     (no helmet)
rElec  .         Spirit   +     (no cloak)
rCorr  .         Warding  .     (no gloves)
rMut   .         Stasis   .     (no boots)
MR     .....                    i - amulet of guardian spirit
Stlth  ..........               (no ring)
                                (no ring)

@: non-regenerating, not resistant to hostile enchantments, extremely unstealthy
A: damage resistance, recharge devices, sense surroundings 1, slow healing 3
a: Device Recharging


You were on level 3 of the Dungeon.
You were not hungry.

You visited 1 branch of the dungeon, and saw 3 of its levels.

You collected 65 gold pieces.

Inventory:

Hand weapons
 a - a +0 flail (weapon)
Armour
 b - a +0 scale mail (worn)
 p - a +3 shield (worn)
 r - a +0 large shield
Jewellery
 i - an amulet of guardian spirit (around neck)
 k - an uncursed ring of ice
Magical devices
 d - a wand of heal wounds (5)
Scrolls
 c - 2 scrolls of remove curse
 l - 5 scrolls of identify
Potions
 e - 2 potions of might
 g - 2 potions of resistance
 h - 2 potions of mutation {unknown}
 j - a potion of cancellation {unknown}
 m - a potion of restore abilities {unknown}
 n - a potion of poison {unknown}
Comestibles
 f - a bread ration


   Skills:
 - Level 2.9 Fighting
 * Level 3.6 Maces & Flails
 + Level 4.0 Armour
 + Level 3.6 Shields


You had 3 spell levels left.
You didn't know any spells.

Dungeon Overview and Level Annotations

Branches:
Dungeon (3/15)

Altars:
Okawaru
Xom


Innate Abilities, Weirdness & Mutations

You are resistant to damage.
You can recharge devices by infusing magical energy.
You passively map a small area around you.
You do not heal naturally.


Message History

The gnoll hits you with a halberd.
* * * LOW HITPOINT WARNING * * *
You block the gnoll's attack.
You closely miss the gnoll.
The gnoll is severely wounded.
The gnoll barely misses you. You block the gnoll's attack.
You completely miss the gnoll.
The gnoll is severely wounded.
You block the gnoll's attack. x2
You barely miss the gnoll.
The gnoll is severely wounded.
You block the gnoll's attack. x2
You closely miss the gnoll.
The gnoll is severely wounded.
The gnoll barely misses you. You block the gnoll's attack.
Your shield and scale mail prevent you from hitting the gnoll.
The gnoll is severely wounded.
You block the gnoll's attack.
The gnoll hits you from afar with a halberd!
You die...

,
.......##########
....%.............
* ,
........#.#######
, ..r....#.#
......g#g# *
....gg.#r#
#.....#g# *
.....#g# ....#@# ,
,, ,.#.# ,#.# #.#
, #.# * ###'###
*#.....# *#.....#
#.....# ####


You could see 2 gnolls, a hobgoblin and a rat.

Vanquished Creatures
  2 gnolls (D:3)
  2 adders (D:2)
  A giant gecko (D:2)
  An ooze (D:1)
  An orc (D:3)
  3 bats
  7 hobgoblins (D:1)
  4 jackals (D:2)
  A ball python (D:3)
  2 giant cockroaches
  5 giant newts
  4 goblins
  9 kobolds
  6 rats
48 creatures vanquished.

Notes
Turn   | Place    | Note
--------------------------------------------------------------
     0 | D:1      | Ngotmuk, the Deep Dwarf Fighter, began the quest for the Orb.
     0 | D:1      | Reached XP level 1. HP: 20/20 MP: 1/1
    59 | D:1      | Reached XP level 2. HP: 25/27 MP: 2/2
   542 | D:2      | Found an iron altar of Okawaru.
   613 | D:2      | Reached XP level 3. HP: 26/33 MP: 3/3
   746 | D:2      | Found a shimmering altar of Xom.
  1402 | D:3      | Reached XP level 4. HP: 36/40 MP: 0/4
  1436 | D:3      | Reached skill level 4 in Armour
  1461 | D:3      | HP: 2/40 [gnoll/halberd (4)]
  1466 | D:3      | Mangled by a gnoll

Action                   |  1- 3 |  4- 6 || total
-------------------------+-------+-------++-------
Melee: Flail             |   144 |    21 ||   165
  Use: Scroll            |     8 |       ||     8
       Potion            |     1 |       ||     1
  Eat: Bread ration      |     1 |       ||     1
